AoeStats
← J4MAL MURR4Y

Fortress

509005908Analyzed
3v3 RM · 8d ago on Sep 25, 2026· 44m 44s· 6 players
Game mode
Random Map
Map size
Large (8 player)
Population
200
Speed
Normal
Resources
Standard
Victory
Conquest
Starting age
Dark Age
Ending age
Imperial Age
RankedLock teamsTeams togetherTeam positionsShared explorationLock speedFull tech treeHidden civsTurbo modeCheats
Victory
Defeat
🇦🇷 Spanish · Argentina
1104
+12
🇦🇷 Vietnamese · Argentina
1013
+15
🇦🇷 Persians · Argentina
972
+17
🇨🇱 Bohemians · Chile
1081
-17
🇨🇱 Khmer · Chile
978
-14
🇨🇱 Burgundians · Chile
948
-13
wan !
9:09 Feudal Age
10:34 Double-Bit Axe
13:23 Castle Age
11:24 Horse Collar
14:36 Bow Saw
15:17 Loom
16:12 Heavy Plow
20:14 Chemistry
25:00 Imperial Age
22:36 Padded Archer Armor
22:46 Fletching
23:34 Elite Skirmisher
24:12 Bodkin Arrow
24:33 Leather Archer Armor
25:17 Wheelbarrow
27:01 Ring Archer Armor
27:17 Bracer
28:38 Ballistics
29:42 Conscription
29:28 Wagenburg Tactics
30:37 Hand Cart
31:08 Fervor
31:20 Sanctity
32:27 Two-Man Saw
31:28 Town Watch
32:24 Houfnice
32:33 Pikeman
33:13 Squires
33:26 Forging
33:17 Scale Mail Armor
33:29 Houfnice
35:53 Iron Casting
35:34 Chain Mail Armor
35:54 Siege Engineers
36:28 Hussite Reforms
37:31 Halberdier
38:41 Town Patrol
39:31 Caravan
39:45 Guilds
cplenz
6:58 Feudal Age
12:16 Castle Age
10:54 Double-Bit Axe
26:15 Imperial Age
23:37 Loom
24:30 Wheelbarrow
23:39 Horse Collar
24:04 Husbandry
24:22 Masonry
24:25 Fortified Wall
24:36 Forging
24:51 Cavalier
26:12 Scale Barding Armor
27:49 Conscription
27:45 Bow Saw
27:55 Heavy Plow
29:14 Chain Barding Armor
28:57 Padded Archer Armor
28:48 Fletching
29:12 Gold Mining
29:17 Stone Mining
31:45 Plate Barding Armor
31:46 Iron Casting
33:50 Paladin
35:26 Gold Shaft Mining
36:30 Blast Furnace
36:14 Hand Cart
36:34 Crop Rotation
37:18 Chemistry
38:08 Light Cavalry
42:17 Elite Skirmisher
43:17 Leather Archer Armor
42:57 Bodkin Arrow
J4MAL MURR4Y
7:57 Feudal Age
12:53 Castle Age
12:58 Double-Bit Axe
20:29 Ballistics
21:53 Wheelbarrow
22:37 Loom
22:40 Town Watch
30:56 Loom
33:30 Hand Cart
35:00 Gold Mining
35:27 Scale Barding Armor
36:09 Bow Saw
36:07 Tusk Swords
36:01 Horse Collar
40:54 Gold Shaft Mining
40:35 Heavy Plow
40:40 Caravan
41:51 Chain Barding Armor
42:31 Fletching
42:52 Forging
42:45 Padded Archer Armor
42:45 Scale Mail Armor
Lutar
4:27 Loom
9:14 Feudal Age
12:52 Castle Age
10:55 Double-Bit Axe
11:56 Padded Archer Armor
12:32 Gold Mining
12:25 Horse Collar
14:42 Leather Archer Armor
20:08 Wheelbarrow
20:11 Stone Mining
22:28 Hand Cart
22:41 Bloodlines
22:31 Husbandry
27:46 Heavy Plow
28:11 Ballistics
32:00 Imperial Age
31:45 Caravan
33:49 Ring Archer Armor
34:22 Chemistry
34:59 Conscription
35:35 Coinage
35:42 Fortified Wall
37:26 Elite Conquistador
39:50 Fletching
42:51 Masonry
43:04 Bombard Tower
Pollo Flojo
0:28 Loom
9:07 Feudal Age
13:27 Castle Age
11:27 Double-Bit Axe
11:24 Horse Collar
11:52 Scale Barding Armor
13:55 Wheelbarrow
14:34 Bow Saw
18:02 Chain Barding Armor
17:55 Forging
17:53 Heavy Plow
17:45 Gold Mining
18:52 Fletching
19:03 Padded Archer Armor
20:05 Elite Skirmisher
21:03 Leather Archer Armor
22:17 Bodkin Arrow
24:24 Iron Casting
26:06 Hand Cart
27:27 Ballistics
27:56 Thumb Ring
31:35 Imperial Age
30:05 Bloodlines
29:55 Husbandry
31:10 Coinage
30:36 Stone Mining
31:25 Gold Shaft Mining
32:12 Cavalier
35:34 Stone Shaft Mining
35:48 Plate Barding Armor
35:52 Crop Rotation
35:24 Savar
39:22 Blast Furnace
38:35 Heavy Camel Rider
40:30 Ring Archer Armor
43:53 Chemistry
pelusinho
9:01 Feudal Age
9:37 Loom
10:11 Double-Bit Axe
13:33 Castle Age
12:06 Gold Mining
12:21 Fletching
14:41 Bow Saw
15:36 Horse Collar
20:15 Heavy Plow
20:06 Stone Mining
21:35 Wheelbarrow
20:48 Loom
22:11 Hand Cart
24:27 Bodkin Arrow
25:51 Stone Shaft Mining
26:43 Padded Archer Armor
30:16 Imperial Age
29:51 Ballistics
29:48 Leather Archer Armor
29:46 Scale Barding Armor
30:10 Chatras
31:57 Two-Man Saw
31:28 Crop Rotation
32:25 Chemistry
31:51 Town Watch
32:35 Husbandry
33:24 Fortified Wall
35:03 Chain Barding Armor
35:10 Elite Battle Elephant
37:35 Paper Money
37:57 Bloodlines
38:36 Caravan
39:03 Town Patrol
40:03 Elite Rattan Archer
Connection lost

Rejoining the realm…

Still unreachable

The connection could not be restored.

Session expired

The server has moved on; the page needs a fresh start.